 Dungeon Crawl Stone Soup version 0.29.0-7-g18a832c13a (webtiles) character file.

Game seed: 16406748423678904486

4379 Sobieck the Geomancer (level 10, -6/45 HPs)
             Began as a Kobold Earth Elementalist on Aug 31, 2022.
             Was a Believer of Hepliaklqana.
             Mangled by an ice devil (7 damage)
             ... summoned by a kobold demonologist
             ... on level 9 of the Dungeon.
             The game lasted 00:17:01 (10382 turns).

Sobieck the Geomancer (Kobold Earth Elementalist)  Turns: 10382, Time: 00:17:02

Health: -6/45      AC:  6    Str:  5    XL:     10   Next: 60%
Magic:  21/22      EV: 14    Int: 21    God:    Hepliaklqana [**....]
Gold:   304        SH:  4    Dex: 16    Spells: 6/13 levels left

rFire   . . .      SeeInvis .   a - +3 short sword (speed) {short}
rCold   . . .      Faith    .   X - +0 buckler
rNeg    . . .      Spirit   .   g - +0 robe
rPois   .          Reflect  .   F - +2 hat
rElec   .          Harm     .   (no cloak)
rCorr   .          Rampage  .   (no gloves)
Will    .....                   O - +1 pair of boots
Stlth   +++++.....              T - amulet of regeneration {@e2}
HPRegen 0.95/turn               k - ring of magical power
MPRegen 0.18/turn               C - +4 ring of slaying

@: lethally poisoned (-6 -> -11)
A: reduced essence, small, no large weapons, nightstalker 3
a: Renounce Religion, Recall Ancestor, Ancestor Identity


You were on level 9 of the Dungeon.
You worshipped Hepliaklqana.
Hepliaklqana was pleased with you.
You visited 1 branch of the dungeon, and saw 9 of its levels.

You collected 304 gold pieces.


Innate Abilities, Weirdness & Mutations

Your life essence is reduced to manifest your ancestor. (-10% HP)
You are small and have problems with some larger weapons.
You are completely attuned to the shadows.


   Skills:
 + Level 9.2 Short Blades
 - Level 2.4 Dodging
 - Level 9.0 Stealth
 - Level 2.1 Spellcasting
 - Level 8.0 Transmutations
 - Level 12.0 Earth Magic


You had 6 spell levels left.
You knew the following spells:

 Your Spells              Type           Power      Damage    Failure   Level
a - Sandblast             Erth           100%       2d20      1%          1
b - Passwall              Tmut/Erth      36%        N/A       1%          2
c - Petrify               Tmut/Erth      44%        N/A       3%          4

Your spell library contained the following spells:

 Spells                   Type           Power      Damage    Failure   Level
 Wereblood                Tmut           35%        N/A       1%          2
 Stone Arrow              Conj/Erth      54%        3d10      6%          3
 Spider Form              Tmut/Pois      19%        N/A       13%         3
 Foxfire                  Conj/Fire      8%         2x1d4     22%         1
 Freeze                   Ice            8%         1d3       22%         1
 Magic Dart               Conj           8%         1d3       22%         1
 Ensorcelled Hibernation  Hex/Ice        4%         N/A       34%         2
 Searing Ray              Conj           4%         2d4       34%         2
 Sublimation of Blood     Necr           2%         N/A       34%         2
 Conjure Flame            Conj/Fire      2%         6-21      56%         3
 Frozen Ramparts          Ice            4%         1d1       56%         3
 Inner Flame              Hex/Fire       2%         N/A       56%         3
 Swiftness                Air            2%         N/A       56%         3
 Anguish                  Hex/Necr       1%         N/A       92%         4
 Flame Wave               Conj/Fire      2%         2d4       92%         4
 Fulminant Prism          Conj/Hex       1%         3d6       92%         4
 Hailstorm                Conj/Ice       2%         3d3       92%         4
 Summon Hydra             Summ           1%         N/A       100%        7

Inventory:

Hand Weapons
 a - a +3 short sword of speed (weapon) {short}
   (You took it off an orc on level 5 of the Dungeon)
 h - a +0 short sword {short}
   (You took it off a kobold on level 1 of the Dungeon)
 r - a +2 short sword of draining {short}
   (You took it off a kobold on level 1 of the Dungeon)
 M - a +0 vorpal rapier {short}
   (You found it on level 3 of the Dungeon)
Missiles
 d - 105 stones {throwing}
 w - 23 poisoned darts {throwing}
 x - a curare-tipped dart {=fthrowing}
 H - 3 boomerangs {throwing}
 K - a throwing net {=f!fthrowing}
 N - 3 silver boomerangs {throwing}
Armour
 g - a +0 robe (worn)
 j - a +0 ring mail
   (You found it on level 1 of the Dungeon)
 u - a +0 chain mail
   (You took it off an orc on level 7 of the Dungeon)
 z - a +0 ring mail
   (You found it on level 2 of the Dungeon)
 A - a +0 troll leather armour
   (You found it on level 9 of the Dungeon)
 B - a +0 ring mail
   (You found it on level 3 of the Dungeon)
 F - a +2 hat (worn)
   (You found it on level 3 of the Dungeon)
 O - a +1 pair of boots (worn)
   (You found it on level 4 of the Dungeon)
 U - a +0 robe
   (You took it off a gnoll bouda on level 6 of the Dungeon)
 X - a +0 buckler (worn)
   (You found it on level 7 of the Dungeon)
 Y - a +0 robe
   (You took it off a wight on level 6 of the Dungeon)
 Z - a +0 robe
   (You took it off a wight on level 6 of the Dungeon)
Magical Staves
 q - a staff of air {!astaff}
   (You found it on level 1 of the Dungeon)
 P - a staff of earth {!astaff}
   (You found it on level 4 of the Dungeon)
Jewellery
 e - an amulet of guardian spirit
   (You found it on level 5 of the Dungeon)
 k - a ring of magical power (left hand)
   (You took it off an orc priest on level 6 of the Dungeon)
 o - a ring of poison resistance
   (You found it on level 5 of the Dungeon)
 y - a ring of ice
   (You found it on level 8 of the Dungeon)
 C - a +4 ring of slaying (right hand)
   (You took it off a kobold on level 5 of the Dungeon)
 D - a +4 ring of protection
   (You found it on level 8 of the Dungeon)
 J - a ring of fire
   (You found it on level 3 of the Dungeon)
 Q - a +6 ring of dexterity
   (You found it on level 7 of the Dungeon)
 T - an amulet of regeneration (around neck) {@e2}
   (You found it on level 6 of the Dungeon)
Wands
 R - a wand of charming (3)
   (You took it off an orc warrior on level 6 of the Dungeon)
 W - a wand of polymorph (13)
   (You found it on level 8 of the Dungeon)
Scrolls
 f - a scroll of blinking {!r}
 i - 4 scrolls of magic mapping {!r}
 m - 6 scrolls of poison {!r}
 s - 6 scrolls of teleportation {@r4}
 t - a scroll of vulnerability {!r!r}
 E - a scroll of butterflies
Potions
 b - 2 potions of magic
 c - 2 potions of brilliance
 l - a potion of mutation {!q}
 n - 6 potions of curing {@q1}
 p - 2 potions of resistance
 v - a potion of heal wounds {@q2}
 G - 2 potions of haste {@q3}
 I - a potion of might
 L - 2 potions of flight
 S - a potion of lignification {unknown}
 V - a potion of invisibility {unknown}

Dungeon Overview and Level Annotations

Branches:
Dungeon (9/15) Zot: 26713  Temple (0/1) D:6
   Lair: D:8-11         Orc: D:9-12

Altars:
Dithmenos
Hepliaklqana
Makhleb
Nemelex Xobeh
Okawaru
Uskayaw
Vehumet
Xom

Shops:
D:7 *

Annotations:
D:3 3 runed translucent doors

.......# #+######
.......# #.......####
.......# #.......'..#
...K45.# +.......##..
..54@R.#.#.......####
..[5.....#.......# #
.......#####'#####
####.### #...## ##...#
###..# #..### ####.###
##'#### #......#
#.....#######......###
#.....'....##........#


You could see the friendly Takurtum the hexer, an ice devil (summoned, ally
target), a kobold demonologist, a chaos spawn (summoned), an iron imp
(summoned), a white imp (summoned) and a shadow imp (summoned).


Message History

You open the door.
There is an open door here.
Things that are here:
a +0 dagger {short}; a +0 short sword {short}; a kobold corpse
There is an open door, spattered with blood here.
There is an open door here.
There is an open door here.
There is an open door here.
Items here: )) [ รทรท.
You open the door.
There is an open door here.
You open the door.
There is an open door here.
You open the door.
There is an open door here.
An orc wizard comes into view. It is wielding a +0 dagger.
Danger!
A kobold demonologist, an orc wizard and an orc come into view.
The helpless orc fails to defend itself.
You perforate the orc like a sieve!!!
You kill the orc!
Takurtum casts a spell at the orc wizard.
The orc wizard shouts!
The orc wizard resists with some effort.
The kobold demonologist shouts!
The kobold demonologist hits you with a +0 dagger.
You block the orc wizard's attack.
You hit the kobold demonologist.
The kobold demonologist miscasts a cantrip.
The orc wizard closely misses you.
You hit the kobold demonologist but do no damage.
Takurtum hits the orc wizard with a +0 dagger of draining!
You hit the orc wizard.
You kill the orc wizard!
The orc wizard barely misses you.
The kobold demonologist gestures wildly while chanting.
You puncture the kobold demonologist! You hit the kobold demonologist.
Takurtum hits the orc wizard but does no damage.
Takurtum drains the orc wizard.
The kobold demonologist casts a spell.
The orc wizard barely misses you.
You hit the kobold demonologist.
Takurtum closely misses the orc wizard.
You hit the kobold demonologist.
Takurtum hits the orc wizard with a +0 dagger of draining.
Takurtum drains the orc wizard.
The orc wizard barely misses Takurtum.
The kobold demonologist gestures wildly while chanting.
You hit the orc wizard.
You kill the orc wizard!
Takurtum hits the ice devil but does no damage.
You hit the kobold demonologist.
Takurtum hits the ice devil but does no damage.
The kobold demonologist completely misses you.
You closely miss the kobold demonologist.
The ice devil hits you but does no damage.
You block the shadow imp's attack.
Takurtum hits the ice devil with a +0 dagger of draining!
You miss the kobold demonologist.
Takurtum hits the ice devil with a +0 dagger of draining.
The kobold demonologist hits you with a +0 dagger.
The ice devil hits you! The ice devil freezes you!
* * * LOW HITPOINT WARNING * * *
The chaos spawn barely misses you.
You are too injured to fight recklessly!
You are too injured to fight recklessly!
Unknown command.
You hit the kobold demonologist. You block the shadow imp's attack.
Takurtum hits the ice devil but does no damage.
You closely miss the kobold demonologist.
The iron imp completely misses you.
Takurtum hits the ice devil with a +0 dagger of draining.
The kobold demonologist hits you but does no damage.
The ice devil misses you.
The chaos spawn hits you but does no damage.
Unknown command.
You hit the kobold demonologist. You block the shadow imp's attack.
Takurtum hits the ice devil but does no damage.
Unknown command.
You hit the kobold demonologist.
Takurtum hits the ice devil but does no damage.
The kobold demonologist misses you. The iron imp hits you.
* * * LOW HITPOINT WARNING * * *
You block the ice devil's attack. The chaos spawn gores you!
* * * LOW HITPOINT WARNING * * *
You are lethally poisoned!
The chaos spawn poisons you!
Casting: Passwall (safe; 1% risk of failure)
Confirm with . or Enter, or press ? or * to list all spells.
Aiming: Sandblast (safe; 1% risk of failure)
Press: ? - help, Shift-Dir - straight line, f - kobold demonologist
Aim: a kobold demonologist, wielding a +0 dagger and wearing a +0 robe (severely wounded, 80% to hit)
The blast of sand hits the kobold demonologist.
* * * LOW HITPOINT WARNING * * *
You feel very sick. The shadow imp barely misses you.
Takurtum hits the ice devil with a +0 dagger of draining.
Takurtum hits the ice devil but does no damage.
You block the kobold demonologist's attack.
The chaos spawn completely misses you. The ice devil hits you!
You die...

Skill      XL: |  1  2  3  4  5  6  7  8  9 10 |
---------------+-------------------------------+-----
Stealth        | 3 4 5 6 9 |  9.0
Short Blades   | 1 2 3 4 5 7 9 |  9.2
Earth Magic    | 4 5 11 12 | 12.0
Transmutations | 7 8 |  8.0
Dodging        | |  2.4
Spellcasting   | |  2.1

Action                   |  1- 3 |  4- 6 |  7- 9 | 10-12 || total
-------------------------+-------+-------+-------+-------++-------
Melee: Short sword       |    16 |     4 |    76 |    80 ||   176
       Punch             |       |       |     3 |       ||     3
 Cast: Sandblast         |    48 |    75 |    76 |    24 ||   223
       Passwall          |       |       |     5 |     3 ||     8
       Petrify           |       |       |     1 |       ||     1
Invok: Ancestor Life: He |       |       |       |     1 ||     1
  Use: Scroll            |       |    17 |     5 |     3 ||    25
       Potion            |       |     1 |       |       ||     1
 Stab: Petrified         |       |       |     3 |       ||     3
       Sleeping          |       |       |    11 |     8 ||    19
       Confused          |       |       |       |     1 ||     1
Armor: Robe              |     5 |     3 |     9 |    17 ||    34
Dodge: Dodged            |    32 |    15 |    32 |    39 ||   118
Block: Buckler           |       |       |     1 |    15 ||    16

Levels and vault maps discovered:
D:1:      tarquinn_simple_flora_water_e, layout_basic, minmay_pentomino_x2
D:2:      minmay_roachtagon, layout_loops_corners, basic_altar
D:3:      layout_loops_corners, gammafunk_ghost_necromancy, minmay_liquid_box,
          grunt_decor_cap, minmay_vboxes
D:4:      layout_rooms, worldfamousw_hep_ancestral_shrine, serial_glass,
          glass_columns_a, glass_columns_a, glass_columns_a, glass_columns_b,
          glass_columns_b, glass_columns_b, glass_columns_a, glass_columns_c,
          glass_columns_a, glass_columns_a
D:5:      cheibrodos_thug_alley, layout_basic, minivault_26
D:6:      layout_loops_ring, led_xom_imps,
          minmay_temple_entry_statues_fountains, minivault_14
D:7:      layout_loops_corners, nicolae_uskayaw_dance_studio, minmay_shop_mayhem
D:8:      nicolae_whirlpool, layout_basic, old_standard_altar,
          nicolae_dithmenos_shadow_blocks,
          mainiacjoe_overflow_concentric_impassable, makhleb_grotto_becter
D:9:      layout_roguey

Notes
Turn   | Place    | Note
-------+----------+-------------------------------------------
     0 | D:1      | Sobieck the Kobold Earth Elementalist began the quest for
                  | the Orb.
     0 | D:1      | Reached XP level 1. HP: 10/10 MP: 3/3
   288 | D:1      | Reached XP level 2. HP: 15/15 MP: 3/5
   365 | D:1      | Reached skill level 3 in Stealth
   416 | D:1      | Reached skill level 1 in Short Blades
   419 | D:1      | Learned a level 2 spell: Passwall
  1239 | D:2      | Reached XP level 3. HP: 19/19 MP: 0/6
  1765 | D:2      | Found a radiant altar of Vehumet.
  1781 | D:2      | Reached XP level 4. HP: 24/24 MP: 5/7
  1847 | D:2      | Reached skill level 2 in Short Blades
  1882 | D:2      | Reached skill level 4 in Earth Magic
  2026 | D:2      | You pick up a book of Frost and begin reading...
  2026 | D:2      | You add the spells Freeze, Frozen Ramparts and Hailstorm to
                  | your library.
  2170 | D:2      | Learned a level 4 spell: Petrify
  2927 | D:3      | Reached skill level 4 in Stealth
  3001 | D:3      | Reached XP level 5. HP: 28/28 MP: 6/8
  3060 | D:3      | Found a runed translucent gate.
  3060 | D:3      | Found a runed translucent gate.
  3060 | D:3      | Found a runed translucent gate.
  3330 | D:3      | You pick up a book of Blood and begin reading...
  3330 | D:3      | You add the spells Sublimation of Blood, Wereblood and
                  | Summon Hydra to your library.
  3393 | D:3      | You pick up a book of Dreams and begin reading...
  3393 | D:3      | You add the spells Ensorcelled Hibernation, Spider Form and
                  | Anguish to your library.
  4111 | D:4      | HP: 6/28 [iguana (6)]
  4117 | D:4      | Reached skill level 3 in Short Blades
  4646 | D:4      | Noticed a phantom
  4686 | D:4      | Reached skill level 5 in Earth Magic
  4686 | D:4      | Reached XP level 6. HP: 32/32 MP: 6/9
  5029 | D:4      | Reached skill level 5 in Stealth
  5189 | D:4      | Found a hazy altar of Hepliaklqana.
  5198 | D:4      | Became a worshipper of Hepliaklqana the Forgotten
  5216 | D:5      | Entered Level 5 of the Dungeon
  5305 | D:4      | Identified a potion of experience
  5306 | D:4      | Reached skill level 7 in Transmutations
  5306 | D:4      | Reached skill level 11 in Earth Magic
  5306 | D:4      | Reached XP level 7. HP: 36/36 MP: 10/10
  5483 | D:5      | Reached skill level 4 in Short Blades
  5563 | D:5      | Reached XP level 8. HP: 41/41 MP: 7/11
  6016 | D:5      | Reached * piety under Hepliaklqana
  6196 | D:5      | Reached skill level 6 in Stealth
  6511 | D:6      | Reached skill level 5 in Short Blades
  6537 | D:6      | Found a shimmering altar of Xom.
  6574 | D:6      | Found a staircase to the Ecumenical Temple.
  6749 | D:6      | Reached XP level 9. HP: 40/40 MP: 8/12
  6751 | D:6      | Reached skill level 7 in Stealth
  6913 | D:6      | Reached skill level 6 in Short Blades
  7515 | D:7      | Reached skill level 8 in Stealth
  7628 | D:7      | You pick up a book of Flames and begin reading...
  7628 | D:7      | You add the spells Foxfire, Conjure Flame, Inner Flame and
                  | Flame Wave to your library.
  7846 | D:7      | Reached skill level 7 in Short Blades
  8011 | D:7      | Reached skill level 9 in Stealth
  8060 | D:7      | You pick up a book of Burglary and begin reading...
  8301 | D:7      | Found a hide-covered altar of Uskayaw.
  8326 | D:7      | Reached XP level 10. HP: 45/45 MP: 13/13
  8355 | D:7      | Found Mesisowo's Mayhem Merchandise.
  8978 | D:8      | Reached ** piety under Hepliaklqana
  8979 | D:8      | Remembered your ancestor Takurtum as a hexer
  9080 | D:8      | Found an iron altar of Okawaru.
  9144 | D:8      | Found a sparkling altar of Nemelex Xobeh.
  9226 | D:8      | Reached skill level 8 in Transmutations
  9235 | D:8      | Reached skill level 12 in Earth Magic
  9345 | D:8      | You pick up a book of Conjurations {@e2} and begin
                  | reading...
  9345 | D:8      | You add the spells Magic Dart, Searing Ray and Fulminant
                  | Prism to your library.
  9457 | D:8      | Found a shadowy altar of Dithmenos.
  9668 | D:8      | Found a burning altar of Makhleb.
  9938 | D:8      | Reached skill level 8 in Short Blades
 10179 | D:9      | Reached skill level 9 in Short Blades
 10362 | D:9      | Noticed a kobold demonologist
 10370 | D:9      | Noticed an ice devil
 10381 | D:9      | HP: 6/45 [chaos spawn[a kobold demonologist] (11)]
 10382 | D:9      | HP: 1/45 [poisoned by a chaos spawn]
 10382 | D:9      | Mangled by an ice devil

Vanquished Creatures
  A troll (D:9)
  A shadow (D:8)
  A vampire (D:9)
  A steam dragon (D:8)
  3 ice beasts (D:6)
  An orc warrior (D:6)
  4 sky beasts (D:7)
  3 ogres
  2 centaurs (D:8)
  2 phantoms
  3 kobold brigands
  3 bullfrogs
  2 necrophages
  A scorpion (D:5)
  6 wights
  5 crimson imps
  A jelly (D:4)
  3 hounds
  A gnoll bouda (D:6)
  6 orc priests
  4 iguanas
  7 orc wizards
  3 gnolls (D:6)
  5 adders
  2 ufetubi (D:5)
  3 worms
  3 dart slugs
  18 orcs
  8 ball pythons
  3 endoplasms
  15 giant cockroaches
  6 hobgoblins
  27 kobolds
  2 quokkas
  9 bats
  4 frilled lizards
  7 goblins
  9 rats
185 creatures vanquished.

Vanquished Creatures (collateral kills)
  A sky beast (D:8)
  A necrophage (D:7)
  A wight (D:6)
  A jelly (D:6)
  An orc wizard (D:8)
  A kobold (D:5)
6 creatures vanquished.

Vanquished Creatures (others)
  2 ancestors (D:6)
2 creatures vanquished.

Grand Total: 193 creatures vanquished

Table legend:
 A = Non-vault XP
 B = Vault XP
 C = Vault XP percentage of total XP
 D = Non-vault monster count
 E = Vault monster count
 F = Vault count percentage of total count
                 A         B        C        D         E       F
            +---------+---------+-------+---------+---------+-------
      Total |    5243 |     617 |  10.5 |     153 |      38 |  19.9
            +---------+---------+-------+---------+---------+-------
        D:1 |      19 |       2 |   9.5 |      13 |       2 |  13.3
        D:2 |      74 |      22 |  22.9 |      30 |      11 |  26.8
        D:3 |      27 |      18 |  40.0 |       9 |       5 |  35.7
        D:4 |     261 |       0 |   0.0 |      15 |       0 |   0.0
        D:5 |     509 |     112 |  18.0 |      13 |       9 |  40.9
        D:6 |    1314 |     198 |  13.1 |      22 |       4 |  15.4
        D:7 |    1205 |     105 |   8.0 |      17 |       5 |  22.7
        D:8 |    1066 |     160 |  13.1 |      16 |       2 |  11.1
        D:9 |     768 |       0 |   0.0 |      18 |       0 |   0.0
            +---------+---------+-------+---------+---------+-------

Illustrated notes

Table legend:
 A = Kills in this place as a percentage of kills in entire the game.
 B = Kills by you in this place as a percentage of kills by you in the entire game.
 C = Kills by friends in this place as a percentage of kills by friends in the entire game.
 D = Other kills in this place as a percentage of other kills in the entire game.
 E = Experience gained in this place as a percentage of experience gained in the entire game.
 F = Experience gained in this place divided by the number of levels of this place that you have seen.
                   A       B       C       D       E      F
               +-------+-------+-------+-------+-------+----------------------
         Total | 100.0 | 100.0 | 100.0 |   N/A | 100.0 | 651.1
       Dungeon | 100.0 | 100.0 | 100.0 |   N/A | 100.0 | 651.1
               +-------+-------+-------+-------+-------+----------------------

Table legend: (Time is in decaauts)
 A = Elapsed time spent in this place.
 B = Non-inter-level travel time spent in this place.
 C = Inter-level travel time spent in this place.
 D = Time resting spent in this place.
 E = Time spent auto-exploring this place.
 F = Levels seen in this place.
 G = Mean time per level.
                   A        B        C        D        E       F      G
               +--------+--------+--------+--------+--------+-----+--------+
         Total |  10440 |  10100 |    340 |    351 |   8701 |   9 | 1160.0 |
       Dungeon |  10440 |  10100 |    340 |    351 |   8701 |   9 | 1160.0 |
               +--------+--------+--------+--------+--------+-----+--------+

Top non-repeatable levels by time:
     D:2: 1545 daAuts
     D:8: 1348 daAuts
     D:3: 1314 daAuts
     D:4: 1247 daAuts
     D:7: 1221 daAuts
     D:1: 1202 daAuts
     D:6: 1169 daAuts
     D:5: 1107 daAuts
     D:9: 284 daAuts
